 Dungeon Crawl Stone Soup version 0.20-a0-259-gc929cd2 (webtiles) character file.

20 Karnivor the Digger (level 2, -1/15 HPs)
             Began as a Gargoyle Earth Elementalist on Dec 3, 2016.
             Slain by a kobold
             ... wielding a cursed -1 hand axe
              (4 damage)
             ... on level 1 of the Dungeon.
             The game lasted 00:03:50 (1254 turns).

Karnivor the Digger (Gargoyle Earth Elementalist)   Turns: 1254, Time: 00:03:50

Health: -1/15      AC:  4    Str: 11    XL:     2   Next: 79%
Magic:  2/5        EV: 12    Int: 15    God:
Gold:   21         SH:  0    Dex: 10    Spells: 5/6 levels left

rFire  . . .     SeeInvis .     g - +0 hand axe
rCold  . . .     Gourm    .     c - +0 robe
rNeg   + . .     Faith    .     (no shield)
rPois  ∞         Spirit   .     (no helmet)
rElec  +         Reflect  .     (no cloak)
rCorr  .         Harm     .     (no gloves)
MR     .....                    (no boots)
Stlth  ++........               (no amulet)
                                (no ring)
                                (no ring)

@: no status effects
A: negative energy resistance 1, electricity resistance, unbreathing,
petrification resistance, rot immunity, AC +2
a: no special abilities


You were on level 1 of the Dungeon.
You were not hungry.

You visited 1 branch of the dungeon, and saw 1 of its levels.

You collected 21 gold pieces.

Inventory:

Hand Weapons
 g - a +0 hand axe (weapon)
Missiles
 b - 39 stones (quivered)
Armour
 c - a +0 robe (worn)
Jewellery
 f - a cursed ring of teleportation {unknown}
Scrolls
 a - 3 scrolls of enchant armour {unknown}
Potions
 h - a potion of agility {unknown}
Books
 e - a book of Geomancy

   Spells                             Type                      Level
   a - Sandblast                      Earth                        1
   b - Passwall                       Transmutation/Earth          2
   c - Stone Arrow                    Conjuration/Earth            3
   d - Petrify                        Transmutation/Earth          4
   e - Lee's Rapid Deconstruction     Earth                        5
Comestibles
 d - 2 bread rations
 i - 2 chunks of flesh


   Skills:
 - Level 1.5 Dodging
 - Level 2.1 Stealth
 + Level 2.6 Spellcasting
   Level 0.7 Transmutations
 + Level 4.2 Earth Magic


You had 5 spell levels left.
You knew the following spells:

 Your Spells              Type           Power        Failure   Level  Hunger
a - Sandblast             Erth           ##....       4%          1    #......


Dungeon Overview and Level Annotations

Branches:
Dungeon (1/15)

Altars:


Innate Abilities, Weirdness & Mutations

You are resistant to torment.
Your stone body is resilient. (AC +2)
You are immune to poison.
You resist negative energy. (rN+)
You are resistant to electric shocks. (rElec)
You can survive without breathing.
You are immune to petrification.
You are immune to rotting.


Message History

The kobold is severely wounded.
The kobold hits you with a hand axe.
Casting: Sandblast
Confirm with . or Enter, or press ? or * to list all spells.
Aiming: Sandblast
Press: ? - help, Shift-Dir - straight line, f/p - kobold
Aim: a kobold, wielding a hand axe and wearing a ring mail (severely wounded, fast)
The blast of sand hits the kobold.
The kobold is severely wounded.
The kobold hits you with a hand axe.
* * * LOW HITPOINT WARNING * * *
Casting: Sandblast
Confirm with . or Enter, or press ? or * to list all spells.
Aiming: Sandblast
Press: ? - help, Shift-Dir - straight line, f/p - kobold
Aim: a kobold, wielding a hand axe and wearing a ring mail (severely wounded, fast)
The blast of sand hits the kobold.
The kobold is severely wounded.
The kobold hits you with a hand axe.
You die...

##.###.# #...# #.# #.#
#...##.##.#### #.# #.#
#...##.##.##.. #.# #.#
#.<.##.##.##.# #.# #.#
######.##.....
#.###.####.## #.##.##.#
#........#..# #.##.##.#
#........#.#.##.##.##.#
#....K@...# #.#.##.##.#
#........## ##.........
##........###.####..###
#.........#.#####..#
#.......##.........#
#################...
#####


You could see a kobold.

Vanquished Creatures
  4 hobgoblins (D:1)
  4 jackals (D:1)
  4 bats (D:1)
  2 frilled lizards (D:1)
  3 goblins (D:1)
  A kobold (D:1)
  A rat (D:1)
19 creatures vanquished.

Notes
Turn   | Place    | Note
-------+----------+-------------------------------------------
     0 | D:1      | Karnivor the Gargoyle Earth Elementalist began the quest for the Orb.
     0 | D:1      | Reached XP level 1. HP: 10/10 MP: 3/3
   581 | D:1      | Reached XP level 2. HP: 12/15 MP: 5/5
   636 | D:1      | Reached skill level 4 in Earth Magic
  1254 | D:1      | Slain by a kobold

Vault maps used:
D:1:      wheals_arrival_shading

Skill      XL: |  1  2 |
---------------+-------+-----
Earth Magic    | 4 |  4.2
Dodging        | |  1.5
Stealth        | |  2.1
Spellcasting   | |  2.6
Transmutations | |  0.7

Action                   || total
-------------------------++-------
Melee: Hand axe          ||    45
       Unarmed           ||     9
 Cast: Sandblast         ||    20
 Stab: Sleeping          ||     3
  Eat: Chunk             ||     1
Armor: Robe              ||    28
Dodge: Dodged            ||    48
